 Dungeon Crawl Stone Soup version 0.23-a0-650-ga4d50d4 (webtiles) character file.

92 JimmyWheeler the Cutter (level 4, -1/29 HPs)
             Began as a Kobold Monk on Jan 3, 2019.
             Killed by divine providence
             ... invoked by an orc priest
              (13 damage)
             ... on level 3 of the Dungeon.
             The game lasted 00:13:46 (2719 turns).

JimmyWheeler the Cutter (Kobold Monk)               Turns: 2719, Time: 00:13:46

Health: -1/29      AC:  5    Str:  9    XL:     4   Next: 90%
Magic:  4/4        EV: 14    Int: 11    God:
Gold:   103        SH:  0    Dex: 17    Spells: 3/3 levels left

rFire    . . .     SeeInvis .   a - +0 short sword
rCold    . . .     Gourm    .   (shield restricted)
rNeg     . . .     Faith    .   f - +0 ring mail
rPois    .         Spirit   .   (no helmet)
rElec    .         Reflect  .   (no cloak)
rCorr    .         Harm     .   (no gloves)
MR       .....                  (no boots)
Stlth    ++........             (no amulet)
HPRegen  0.09/turn              (no ring)
MPRegen  0.09/turn              (no ring)

@: no status effects
A: small, carnivore
a: no special abilities


You were on level 3 of the Dungeon.
You were full.

You visited 1 branch of the dungeon, and saw 3 of its levels.

You collected 103 gold pieces.

Inventory:

Hand Weapons
 a - a +0 short sword (weapon)
Missiles
 e - a tomahawk
 m - 54 stones (quivered)
 n - 2 throwing nets
Armour
 b - a +0 robe
 f - a +0 ring mail (worn)
 o - a +0 scale mail
 p - a +2 shield
Jewellery
 g - an uncursed ring of protection from fire {unknown}
Scrolls
 i - 2 scrolls of fear
Potions
 d - 2 potions of heal wounds {unknown}
 h - a potion of invisibility {unknown}
 l - a potion of flight {unknown}
 q - 2 potions of curing {unknown}
Comestibles
 c - 4 rations


   Skills:
 + Level 3.7 Fighting
 * Level 5.2 Short Blades
 * Level 1.5 Armour
 - Level 4.0 Dodging
 + Level 3.5 Stealth


You had 3 spell levels left.
You didn't know any spells.
Your spell library was empty.

Dungeon Overview and Level Annotations

Branches:
Dungeon (3/15)

Altars:


Innate Abilities, Weirdness & Mutations

You are small and have problems with some larger weapons.
You are carnivorous and can eat meat at any time.


Message History

The shadow imp barely misses you.
You hit the shadow imp.
The shadow imp is severely wounded.
You hit the shadow imp.
You kill the shadow imp!
You start resting.
The orc is too close now for your liking.
You start resting.
The orc is too close now for your liking.
You completely miss the orc.
The orc shouts!
Unknown command.
The orc barely misses you.
The orc throws a tomahawk.
The tomahawk barely misses you.
You see here a tomahawk.
e - a tomahawk The orc closely misses you.
The orc priest invokes the aid of Beogh against you.
Beogh smites you!
You die...

#.....+....+......)........
#.#####....##...)#.#.......
.......###...#####...#####
.......###.#.#######.#
.......+.............# .#
.......#####.###.###.+ +...
.......# #.# #.# #.# #..#
.......# #.# #.# #.# #..#
##.....#####.# #@# #.###+###..#
##..........###o# #..........#
#.##########...####.###..##.#
###.## ###.o.#..# #.# ##..#.#
.....#####...####.###.# ##.#.###
######.....###..#[.##.#####......
###...##.## ..##o##............
##...#..#..# ....#..#............
...####.##.##....##.##...........


You could see an orc priest and an orc.

Vanquished Creatures
  3 adders
  A shadow imp (D:3)
  2 oozes
  A worm (D:2)
  2 dart slugs (D:1)
  An orc (D:3)
  5 bats
  3 giant cockroaches
  A goblin (D:2)
  3 hobgoblins
  3 jackals (D:1)
  5 kobolds
  A quokka (D:3)
  4 frilled lizards
  7 rats
42 creatures vanquished.

Notes
Turn   | Place    | Note
-------+----------+-------------------------------------------
     0 | D:1      | JimmyWheeler the Kobold Monk began the quest for the Orb.
     0 | D:1      | Reached XP level 1. HP: 14/14 MP: 1/1
   166 | D:1      | Reached XP level 2. HP: 19/19 MP: 2/2
   543 | D:1      | Reached XP level 3. HP: 21/23 MP: 3/3
   760 | D:2      | Reached skill level 1 in Armour
  1567 | D:2      | Reached XP level 4. HP: 18/28 MP: 4/4
  2054 | D:3      | Reached skill level 5 in Short Blades
  2719 | D:3      | Killed from afar by an orc priest

Vault maps used:
D:1:      dpeg_arrival_windows_large_door
D:2:      first_ration
D:3:      minmay_skewed_foursquare, tgw_sif, lemuel_doored_altar,
          nicolae_overflow_hidden_temple

Skill      XL: |  1  2  3  4 |
---------------+-------------+-----
Stealth        | 3 |  3.5
Armour         | 1 |  1.5
Dodging        | 4 |  4.0
Short Blades   | 5 |  5.2
Fighting       | |  3.7

Action                   |  1- 3 |  4- 6 || total
-------------------------+-------+-------++-------
Melee: Short sword       |   129 |    98 ||   227
  Use: Scroll            |     1 |     3 ||     4
 Stab: Sleeping          |     5 |     3 ||     8
  Eat: Chunk             |    11 |       ||    11
Armor: Robe              |     2 |       ||     2
       Ring mail         |    20 |    20 ||    40
Dodge: Dodged            |    55 |    60 ||   115

Table legend:
 A = Non-vault XP
 B = Vault XP
 C = Vault XP percentage of total XP
 D = Non-vault monster count
 E = Vault monster count
 F = Vault count percentage of total count
                 A         B        C        D         E       F
            +---------+---------+-------+---------+---------+-------
      Total |     125 |       7 |   5.3 |      38 |       4 |   9.5
            +---------+---------+-------+---------+---------+-------
        D:1 |      33 |       0 |   0.0 |      15 |       0 |   0.0
        D:2 |      50 |       0 |   0.0 |      15 |       0 |   0.0
        D:3 |      42 |       7 |  14.3 |       8 |       4 |  33.3
            +---------+---------+-------+---------+---------+-------
